Map: Blueshift LE

Players

SeedMarine - Winner!

  • Race: Terran Terran
  • League: Diamond
  • Spawn Location: 1:00

AMERICA

  • Race: Protoss Protoss
  • League: Diamond
  • Spawn Location: 7:00

VOD

Have the link to the VOD?

Description

Time

  • Played on: Sept. 8, 2018, 8:35 a.m.
  • Length: 7:46
Show
View Real Time Build Order
Export as new Build Order

SeedMarine Terran - Winner!

Build Orders: Reaper Expand, MMM Bio 

Get SALT Encoding   

  12  0:02  SCV  
  13  0:14  SCV  
  14  0:17  Supply Depot  
  14  0:26  SCV  
  15  0:38  SCV  
  15  0:40  Barracks  
  16  0:43  Refinery  
  16  0:51  SCV  
  17  1:03  SCV  
  18  1:15  SCV  
  19  1:29  Orbital Command  
  19  1:33  Reaper  
  20  1:43  Command Center  
  20  1:56  Barracks  
  20  1:59  SCV  
  21  2:05  Barracks Reactor  
  21  2:13  SCV  
  22  2:16  Supply Depot  
  22  2:26  SCV  
  23  2:34  Factory  
  23  2:35  Refinery  
  23  2:38  SCV  
  23  2:43  Marine x2  
  26  2:47  Barracks Tech Lab  
  26  2:50  SCV  
  27  2:59  Orbital Command  
  27  3:03  SCV  
  28  3:09  Marine x3  
  28  3:12  Stimpack  
  31  3:18  SCV  
  32  3:27  SCV  
  32  3:32  Marine x3  
  35  3:34  SCV  
  35  3:38  Starport  
  35  3:39  SCV  
  37  3:46  SCV  
  37  3:47  Factory Reactor  
  38  3:50  Marine x3  
  38  3:51  SCV  
  42  3:57  Supply Depot  
  42  3:59  SCV  
  42  4:01  Supply Depot  
  43  4:03  SCV  
  43  4:07  Marine  
  43  4:08  Marine  
  46  4:18  SCV x2, Marine  
  49  4:25  Marine x2  
  49  4:28  Engineering Bay  
  49  4:29  Engineering Bay  
  49  4:30  SCV x2  
  53  4:32  Medivac  
  53  4:34  Medivac  
  53  4:36  Marine  
  58  4:42  SCV x2  
  58  4:43  Marine x2  
  62  5:00  Terran Infantry Armor Level 1, Terran Infantry Weapons Level 1  
  62  5:02  Refinery  
  62  5:03  Refinery  
  62  5:06  Factory Tech Lab  
  62  5:09  Barracks  
  62  5:24  Supply Depot, Combat Shields  
  62  5:27  Barracks  
  62  5:45  SCV x2, Siege Tank, Marine x3  
  69  5:52  Starport Reactor  
  67  5:57  SCV x2  
  67  6:03  Marine  
  69  6:07  Marine  
  69  6:08  Marine  
  70  6:12  Supply Depot x2  
  70  6:15  Command Center  
  70  6:20  SCV  
  70  6:29  SCV, Siege Tank, Marauder, Marine x2  
  78  6:33  SCV  
  78  6:34  Marine  
  78  6:35  Medivac x2  
  84  6:41  SCV  
  84  6:45  SCV  
  83  6:53  SCV  
  83  6:54  Marine x4  
  82  6:55  Marauder  
  82  6:57  SCV  
  82  6:58  Concussive Shells, Supply Depot, Barracks Reactor  
  82  7:00  Supply Depot  
  86  7:04  Siege Tank  
  86  7:05  SCV  
  86  7:11  Armory  
  86  7:12  SCV  
  87  7:17  SCV, Marine x2  
  87  7:21  Marine  
  87  7:22  Marauder  
  93  7:24  SCV  
  93  7:29  SCV  
  95  7:36  Supply Depot  
Show
View Real Time Build Order
Export as new Build Order

AMERICA Protoss 

Build Orders: 1 Gate Expand, Blink Stalkers 

Get SALT Encoding   

  12  0:01  Probe  
  13  0:14  Probe  
  14  0:18  Pylon  
  14  0:26  Probe  
  15  0:38  Gateway, Probe  
  16  0:46  Probe  
  16  0:53  Assimilator  
  16  0:54  Probe  
  18  1:04  Probe  
  19  1:16  Probe  
  20  1:28  Nexus  
  20  1:38  Cybernetics Core  
  19  1:41  Probe  
  20  1:50  Assimilator  
  20  1:53  Probe  
  21  1:58  Pylon  
  21  2:05  Probe  
  21  2:06  Stalker  
  22  2:14  Probe  
  22  2:17  Warp Gate  
  25  2:22  Probe  
  26  2:31  Probe  
  27  2:50  Twilight Council  
  27  2:53  Stalker  
  27  2:56  Probe x2  
  31  3:08  Probe x2  
  33  3:20  Blink, Probe  
  33  3:21  Probe  
  35  3:33  Probe x2  
  37  3:39  Gateway  
  37  3:42  Gateway  
  37  3:45  Probe x2  
  39  3:49  Pylon  
  39  3:57  Probe x2  
  43  4:09  Probe x2  
  45  4:12  Robotics Facility  
  43  4:19  Assimilator  
  43  4:21  Probe x2  
  43  4:23  Stalker  
  47  4:37  Stalker x2  
  51  4:47  Pylon  
  51  4:51  Stalker  
  51  4:52  Nexus  
  53  5:00  Observer  
  53  5:05  Pylon  
  53  5:06  Pylon  
  53  5:13  Charge  
  54  5:19  Observer  
  54  5:22  Gateway  
  54  5:24  Gateway  
  54  5:27  Gateway  
  55  5:32  Gateway  
  55  5:37  Forge x2  
  55  5:39  Gateway  
  55  5:40  Observer  
  55  5:41  Gateway  
  56  5:43  Stalker  
  58  5:56  Stalker x2  
  52  6:05  Immortal  
  52  6:08  Stalker  
  54  6:20  Stalker  
  54  6:22  Zealot  
  56  6:27  Zealot  
  57  6:33  Zealot  
  46  6:40  Immortal  
  46  6:45  Zealot x2  
  44  6:57  Zealot x2  
  44  7:00  Probe x2  
  46  7:19  Cybernetics Core  
  46  7:20  Probe x2  
  46  7:21  Pylon  
  46  7:22  Probe  
  49  7:32  Probe x2  
  49  7:34  Probe  
Tags
 
Add a new tag
Caveats
  • Supply blocks, unpowered buildings, or Contaminate may cause inaccurate times.
  • Supply counts are checked every 10 seconds.